 Dungeon Crawl Stone Soup version 0.17-a0-1164-g0ba867e (webtiles) character file.

34 KromesxD the Sneak (level 3, 0/18 HPs)
             Began as a Spriggan Enchanter on May 28, 2015.
             Succumbed to poison (a potion of poison)
             ... on level 2 of the Dungeon.
             The game lasted 00:11:49 (1991 turns).

KromesxD the Sneak (Spriggan Enchanter)             Turns: 1991, Time: 00:11:49

Health: 0/18       AC:  3    Str:  5    XL:     3   Next: 14%
Magic:  8/8        EV: 18    Int: 21    God:
Gold:   57         SH:  0    Dex: 16    Spells: 1 memorised, 6 levels left

rFire  . . .     SeeInvis +     a - +1 dagger
rCold  . . .     Clarity  .     b - +1 robe
rNeg   . . .     SustAt   .     (shield restricted)
rPois  .         Gourm    .     (helmet restricted)
rElec  .         Spirit   .     (no cloak)
rCorr  .         Warding  .     (gloves unavailable)
rMut   .         Stasis   .     (boots unavailable)
MR     .....                    (no amulet)
Stlth  +++.......               (no ring)
                                (no ring)

@: brilliant, lethally poisoned (0 -> -20), very quick, not resistant to hostile
enchantments, fairly stealthy
A: unfitting armour, see invisible, herbivore 3, speed 3, slow metabolism 2
a: no special abilities


You were on level 2 of the Dungeon.
You were not hungry.

You visited 1 branch of the dungeon, and saw 2 of its levels.

You collected 57 gold pieces.

Inventory:

Hand weapons
 a - a +1 dagger (weapon)
 m - a +2 vampiric whip
Missiles
 e - 4 tomahawks (quivered)
 f - 38 arrows
 l - 38 poisoned needles
 n - 19 sling bullets
Armour
 b - a +1 robe (worn)
 o - a +0 pair of gloves
Scrolls
 h - 2 scrolls of identify {unknown}
 j - a scroll of enchant weapon {unknown}
Potions
 g - a potion of haste {unknown}
 k - a potion of agility {unknown}
 p - a potion of heal wounds {unknown}
 r - a potion of ambrosia {unknown}
Books
 c - a book of Maledictions

   Spells                             Type                      Level
   a - Corona                         Hexes                        1
   b - Ensorcelled Hibernation        Hexes/Ice                    2
   c - Confuse                        Hexes                        3
   d - Tukima's Dance                 Hexes                        3
   e - Dazzling Spray                 Conjuration/Hexes            3
Comestibles
 d - 4 bread rations


   Skills:
 + Level 1.2 Fighting
 + Level 2.2 Short Blades
 + Level 0.7 Throwing
 - Level 3.1 Dodging
 - Level 4.6 Stealth
 - Level 2.7 Spellcasting
 - Level 3.6 Hexes


You had 6 spell levels left.
You knew the following spells:

 Your Spells              Type           Power        Failure   Level  Hunger
a - Corona                Hex            ####...      1%          1    None


Dungeon Overview and Level Annotations

Branches:
Dungeon (2/15)

Altars:


Innate Abilities, Weirdness & Mutations

You are tiny and cannot use many weapons and most armour.
You have supernaturally acute eyesight.
You are a herbivore.
You cover ground extremely quickly.
You need consume almost no food.


Message History

* * * LOW HITPOINT WARNING * * *
You feel sick. The bat completely misses you. The adder closely misses you.
You hit the adder but do no damage.
The adder is almost dead.
The bat misses you. The adder completely misses you.
You hit the adder.
The adder is almost dead.
* * * LOW HITPOINT WARNING * * *
You feel sick. The bat hits you.
* * * LOW HITPOINT WARNING * * *
The adder completely misses you.
Drink which item? (? for menu, Esc to quit)
It was a potion of brilliance.
You feel clever all of a sudden. The bat closely misses you.
The adder misses you. The bat hits you but does no damage.
The adder misses you.
Drink which item? (? for menu, Esc to quit)
It was a potion of poison.
That liquid tasted very nasty...
You are more poisoned.
You die...

.......#
.......############
†.................#
..................#
.........[........#
..................#####
.......>...............
.................b####.#
######.........(@S.....#
#...........#...#..
##.........## .....
#.....##..# .##. #.....
##.. # #+#.. #.. . ...
..


You could see an adder and a bat.

Vanquished Creatures
  An ooze (D:1)
  2 worms (D:2)
  A giant gecko (D:2)
  A bat (D:1)
  2 giant cockroaches
  3 goblins
  5 hobgoblins
  3 kobolds
  3 rats
21 creatures vanquished.

Notes
Turn   | Place    | Note
--------------------------------------------------------------
     0 | D:1      | KromesxD the Spriggan Enchanter began the quest for the Orb.
     0 | D:1      | Reached XP level 1. HP: 9/9 MP: 5/5
   575 | D:1      | Reached XP level 2. HP: 13/13 MP: 4/6
   774 | D:1      | Reached skill level 1 in Fighting
  1820 | D:2      | Reached XP level 3. HP: 12/18 MP: 8/8
  1991 | D:2      | Succumbed to poison (a potion of poison)

Vault maps used:
D:1:      minmay_arrival_jagged
D:2:      nicolae_overflow_hidden_temple, xom_redecorated,
          nicolae_dithmenos_shadow_blocks, first_bread,
          minmay_misc_feat_four_crosses, st_stairs_3, elyvilon_altar_3

Action                   || total
-------------------------++-------
Melee: Dagger            ||    97
Throw: Tomahawk          ||    10
 Cast: Corona            ||    13
  Use: Potion            ||     2
 Stab: Sleeping          ||     1
